 Dungeon Crawl Stone Soup version 0.26-a0-572-g753d7e3450 (webtiles) character file.

Game seed: 4335950161163067490

254 MrRokkomies the Skirmisher (level 5, 0/50 HPs)
             Began as a Palentonga Fighter on Aug 21, 2020.
             Slain by an ogre
             ... wielding a +0 giant club
              (11 damage)
             ... on level 4 of the Dungeon.
             The game lasted 00:04:55 (2691 turns).

MrRokkomies the Skirmisher (Palentonga Fighter)     Turns: 2691, Time: 00:04:55

Health: 0/50       AC:  9    Str: 19    XL:     5   Next: 90%
Magic:  5/5        EV:  9    Int:  8    God:
Gold:   153        SH:  8    Dex: 11    Spells: 4/4 levels left

rFire    + . .     SeeInvis +   a - +0 war axe
rCold    . . .     Faith    .   c - +0 kite shield
rNeg     . . .     Spirit   .   b - +0 scale mail
rPois    .         Reflect  .   w - +0 helmet
rElec    .         Harm     .   k - +0 cloak
rCorr    .                      (no gloves)
MR       .....                  (no barding)
Stlth    ..........             (no amulet)
HPRegen  0.16/turn              f - +4 ring of evasion
MPRegen  0.09/turn              x - ring of protection from fire

@: no status effects
A: large, rugged brown scales 3, see invisible, deformed body, roll, armoured
tail
a: Rolling Charge


You were on level 4 of the Dungeon.
You visited 1 branch of the dungeon, and saw 4 of its levels.

You collected 153 gold pieces.

Inventory:

Hand Weapons
 a - a +0 war axe (weapon)
Missiles
 n - 34 poisoned darts (quivered)
Armour
 b - a +0 scale mail (worn)
 c - a +0 kite shield (worn)
 k - a +0 cloak (worn)
 w - a +0 helmet (worn)
Jewellery
 f - a +4 ring of evasion (left hand)
 x - a ring of protection from fire (right hand)
Scrolls
 g - 5 scrolls of identify {unknown}
 h - 2 scrolls of amnesia {unknown}
 i - a scroll of enchant armour {unknown}
 j - 3 scrolls of teleportation {unknown}
 m - a scroll of magic mapping {unknown}
 o - a scroll of fear {unknown}
 q - a scroll of blinking {unknown}
 s - 2 scrolls of remove curse {unknown}
Potions
 e - 2 potions of flight {unknown}
 l - a potion of mutation {unknown}
 p - a potion of stabbing {unknown}
 r - a potion of invisibility {unknown}
 t - 3 potions of heal wounds {unknown}
 u - a potion of curing {unknown}
 v - a potion of berserk rage {unknown}
 z - 2 potions of haste {unknown}


   Skills:
 * Level 4.8 Fighting
 * Level 4.1 Axes
 + Level 3.2 Armour
 - Level 2.4 Shields


You had 4 spell levels left.
You didn't know any spells.
Your spell library was empty.

Dungeon Overview and Level Annotations

Branches:
Dungeon (4/15)
 Temple: D:4-7

Altars:
Okawaru
Sif Muna


Innate Abilities, Weirdness & Mutations

You are completely covered in rugged brown scales. (AC +3, +7% HP)
You have supernaturally acute eyesight. (SInv)
Armour fits poorly on your strangely shaped body.
You can roll at foes to attack.
You have a long armoured tail.


Message History

The ogre is heavily wounded.
You hit the worm. You block the worm's attack.
The ogre hits you with a +0 giant club.
You hit the ogre.
The ogre is severely wounded.
You hit the worm. The ogre hits you with a +0 giant club.
You block the worm's attack.
Your shield and scale mail prevent you from hitting the ogre.
The ogre is severely wounded.
You barely miss the worm. You block the ogre's attack.
You barely miss the ogre.
The ogre is severely wounded.
You barely miss the worm. The worm barely misses you.
The ogre hits you with a +0 giant club!
* * * LOW HITPOINT WARNING * * *
You hit the ogre.
The ogre is severely wounded.
You hit the worm. The worm closely misses you.
The ogre hits you with a +0 giant club!
You die...

...# ...# #..#
#..# #..# #aZ#
#wO# #@.# #..#
#.#######..#
+..........#
#.######'#####.
#...............
###++#<#########
...............
...)...........


You could see an ogre, a worm, a worker ant and an adder skeleton.

Vanquished Creatures
  An orc wizard (D:3)
  Terence (D:2)
  5 adders
  4 gnolls (D:3)
  2 oozes
  A worm (D:3)
  3 dart slugs
  2 leopard geckos
  14 orcs (D:3)
  9 bats
  6 giant cockroaches
  10 goblins
  4 hobgoblins
  4 jackals
  7 kobolds
  2 ball pythons
  5 frilled lizards
  7 rats
87 creatures vanquished.

Notes
Turn   | Place    | Note
-------+----------+-------------------------------------------
     0 | D:1      | MrRokkomies the Palentonga Fighter began the quest for the
                  | Orb.
     0 | D:1      | Reached XP level 1. HP: 20/20 MP: 1/1
    83 | D:1      | Reached XP level 2. HP: 26/27 MP: 2/2
   459 | D:1      | Reached XP level 3. HP: 33/33 MP: 3/3
   822 | D:2      | Noticed Terence
   829 | D:2      | Killed Terence
   829 | D:2      | Reached XP level 4. HP: 28/42 MP: 4/4
  1362 | D:2      | Found a shimmering blue altar of Sif Muna.
  1662 | D:3      | Found an iron altar of Okawaru.
  2095 | D:3      | Reached XP level 5. HP: 50/50 MP: 5/5
  2681 | D:4      | Noticed an ogre
  2691 | D:4      | Slain by an ogre

Illustrated notes

Levels and vault maps discovered:
D:1:      erik_arrival_cave_to_civilisation [erik_arrival_cave_to_hall],
          layout_rooms
D:2:      layout_basic, led_sif_pool, uniq_terence
D:3:      layout_loops_corners, old_standard_altar, minivault_25
D:4:      layout_basic, ebering_ghost_sewer_f

Skill      XL: |  1  2  3  4  5 |
---------------+----------------+-----
Axes           | 3 4 |  4.1
Fighting       | 4 |  4.8
Armour         | 3 |  3.2
Shields        | |  2.4

Action                   |  1- 3 |  4- 6 || total
-------------------------+-------+-------++-------
Melee: War axe           |    84 |   197 ||   281
       Tailslap          |     9 |    22 ||    31
  Use: Potion            |       |     1 ||     1
Armor: Scale mail        |    44 |    77 ||   121
Dodge: Dodged            |    47 |    72 ||   119
Block: Kite shield       |    56 |    83 ||   139

Table legend: (Time is in decaauts)
 A = Elapsed time spent in this place.
 B = Non-inter-level travel time spent in this place.
 C = Inter-level travel time spent in this place.
 D = Time resting spent in this place.
 E = Time spent auto-exploring this place.
 F = Levels seen in this place.
 G = Mean time per level.
                   A        B        C        D        E       F      G
               +--------+--------+--------+--------+--------+-----+--------+
         Total |   2804 |   2743 |     61 |      0 |   2120 |   4 |  701.0 |
       Dungeon |   2804 |   2743 |     61 |      0 |   2120 |   4 |  701.0 |
               +--------+--------+--------+--------+--------+-----+--------+

Top non-repeatable levels by time:
     D:3: 1104 daAuts
     D:2: 982 daAuts
     D:1: 700 daAuts
     D:4: 16 daAuts
